 Dungeon Crawl Stone Soup version 0.31.0-11-ge490571c62 (webtiles) character file.

Game seed: 12297130022124857741

2030 qw the Skirmisher (level 9, -2/44 HPs)
             Began as a Spriggan Hunter on Feb 4, 2024.
             Was a Priest of Okawaru.
             Slain by a yak (13 damage)
             ... on level 6 of the Dungeon.
             The game lasted 00:00:19 (3740 turns).

qw the Skirmisher (Spriggan Hunter)                 Turns: 3740, Time: 00:00:20

Health: -2/44      AC:  3    Str:  7    XL:     9   Next: 3%
Magic:  13/13      EV: 25    Int: 11    God:    Okawaru [***...]
Gold:   239        SH:  0    Dex: 22    Spells: 8/8 levels left

rFire   . . .        a - +1 shortbow
rCold   . . .        (shield currently unavailable)
rNeg    . . .        b - +1 robe of the Dropbear {Will+}
rPois   .            (helmet restricted)
rElec   .            (no cloak)
rCorr   .            (gloves unavailable)
SInv    +            (boots unavailable)
Will    ++...        (no amulet)
Stlth   ++           g - +4 ring of slaying {mikee}
HPRegen 0.27/turn    (no ring)
MPRegen 0.13/turn

%: no passive effects
@: about to teleport, very quick
A: very small, no large weapons, unfitting armour, see invisible, speed 3
a: Renounce Religion, Heroism


You were on level 6 of the Dungeon.
You worshipped Okawaru.
Okawaru was most pleased with you.
You visited 1 branch of the dungeon, and saw 6 of its levels.

You collected 239 gold pieces.


Innate Abilities, Weirdness & Mutations

You are very small and have problems with some larger weapons.
You are too small for most types of armour.
You have supernaturally acute eyesight. (SInv)
You cover ground extremely quickly. (Speed+++)


   Skills:
 - Level 3.3 Fighting
 - Level 9.2 Ranged Weapons
 + Level 8.8 Dodging
 - Level 1.5 Stealth
 - Level 4.0 Invocations


You had 8 spell levels left.
You didn't know any spells.
Your spell library was empty.

Inventory:

Hand Weapons
 a - a +1 shortbow (weapon)
Armour
 b - the +1 robe of the Dropbear (worn) {Will+}
   (You found it on level 2 of the Dungeon)

   Will+:     It increases your willpower.
Jewellery
 g - a +4 ring of slaying (left hand) {mikee}
Wands
 e - a wand of polymorph (9)
Scrolls
 c - a scroll of teleportation
Potions
 f - a potion of enlightenment
 h - a potion of cancellation
 i - a potion of magic
 j - 3 potions of curing

Dungeon Overview and Level Annotations

Branches:
Dungeon (6/15)
 Temple: D:4-7

Altars:
Okawaru

Shops:
D:2 [

Annotations:
D:5 1 runed translucent door, Crazy Yiuf


Message History

The yak is lightly wounded.
A yak comes into view.
You shoot an arrow. The arrow hits the yak!
The yak is moderately wounded.
You shoot an arrow. The arrow hits the yak!
The yak is severely wounded.
You shoot an arrow. The arrow hits the yak.
The yak is severely wounded.
You shoot an arrow.
The arrow hits the yak but does no damage.
The yak is severely wounded.
The yak gores you!
You shoot an arrow. The arrow hits the yak.
The yak is severely wounded.
The yak gores you.
You shoot an arrow. The arrow hits the yak.
The yak is almost dead.
The yak gores you!
You shoot an arrow. The arrow hits the yak!
You kill the yak!
Okawaru accepts your kill.
You have reached level 9!
Your experience leads to an increase in your attributes!
Increase (S)trength, (I)ntelligence, or (D)exterity?
You feel agile. x2
You shoot an arrow. The arrow hits the yak!
The yak is moderately wounded.
The yak misses you.
You shoot an arrow. The arrow hits the yak!
The yak is heavily wounded.
The yak completely misses you.
You shoot an arrow.
The arrow hits the yak but does no damage.
The yak is heavily wounded.
The yak gores you.
3740 ||| READING 2 scrolls of teleportation.
As you read the scroll of teleportation, it crumbles to dust.
You feel strangely unstable. The yak gores you!
You die...

.........
.........
########. #######.
#######.....).
#####.......#####.
#.......##..#####.
#.###.............
#@# ##.###..###...
#Y# #.# #..# #..#
#Y# #.# #..# #...
#.# #.# #......#.
#.. ..# #..###.#.
#># ## #..# #.#.
#.# #..# #.#. ...
...#


You could see 2 yaks.

Vanquished Creatures
  Pikel (D:5)
  Grinder (D:5)
  Sigmund (D:5)
  A yak (D:6)
  Menkaure (D:4)
  An ice beast (D:6)
  2 orc warriors (D:6)
  3 ogres
  3 lemures (D:5)
  A bullfrog (D:6)
  A scorpion (D:5)
  An orc priest (D:6)
  A hound (D:4)
  An iguana (D:5)
  A sleepcap (D:4)
  An orc wizard (D:6)
  A gnoll (D:1)
  7 adders
  3 ribbon worms
  3 dart slugs
  14 orcs
  4 bats
  6 endoplasms
  4 giant cockroaches
  6 goblins
  6 hobgoblins
  7 jackals
  6 quokkas
  8 ball pythons
  2 frilled lizards (D:1)
  10 kobolds
  4 rats
112 creatures vanquished.

Notes
Turn   | Place    | Note
-------+----------+-------------------------------------------
     0 | D:1      | qw the Spriggan Hunter began the quest for the Orb.
     0 | D:1      | Reached XP level 1. HP: 10/10 MP: 2/2
     0 | D:1      | 0 ||| qw: Version: 0.3-a-160-g6735b56
     0 | D:1      | 0 ||| qw: Game counter: 5702
     0 | D:1      | 0 ||| qw: Melee chars always use a shield: true
     0 | D:1      | 0 ||| qw: God list: Okawaru
     0 | D:1      | 0 ||| qw: Allow faded altars: false
     0 | D:1      | 0 ||| qw: Do Orc after clearing Dungeon:15 true
     0 | D:1      | 0 ||| qw: Do second Lair branch before Depths: true
     0 | D:1      | 0 ||| qw: Lair rune preference: random
     0 | D:1      | 0 ||| qw: Goals: Normal
     0 | D:1      | 0 ||| PLANNING D:1-11
    17 | D:1      | Reached skill level 3 in Dodging
    85 | D:1      | Reached XP level 2. HP: 14/14 MP: 3/3
   213 | D:1      | Reached XP level 3. HP: 18/18 MP: 4/4
   444 | D:1      | 444 ||| READING scroll labelled ZUSEWA GYCEAGA.
   447 | D:1      | 447 ||| READING scroll labelled QUHATHAHESOY.
   447 | D:1      | 447 ||| IDENTIFYING smoky golden potion
   448 | D:1      | 448 ||| DROPPING scroll of butterflies.
   449 | D:1      | 449 ||| DROPPING potion of degeneration.
   480 | D:2      | Identified the +1 robe of the Dropbear {Will+}
   483 | D:2      | Found Ujiluarr's Armour Emporium.
   485 | D:2      | Found an iron altar of Okawaru.
   486 | D:2      | 486 ||| PLANNING OKAWARU WORSHIP
   486 | D:2      | 486 ||| UPGRADING to +1 robe of the Dropbear {Will+}.
   496 | D:2      | 496 ||| DROPPING +0 robe.
   502 | D:2      | Became a worshipper of Warmaster Okawaru
   503 | D:2      | 503 ||| PLANNING D:1-11
   512 | D:2      | 512 ||| SHOPLISTING +1 robe of cold resistance (127 gold,
                  | have 44).
   512 | D:2      | 512 ||| SHOPLISTING +4 skin of Zhor {*Englaciate rC+++
                  | SInv} (665 gold, have 44).
   512 | D:2      | 512 ||| SHOPLISTING scarf of repulsion (120 gold, have 44).
   569 | D:2      | Found a faded altar of an unknown god.
   678 | D:2      | Reached skill level 5 in Ranged Weapons
   678 | D:2      | Reached XP level 4. HP: 22/22 MP: 5/5
  1056 | D:2      | 1056 ||| READING 4 scrolls of identify.
  1056 | D:2      | 1056 ||| IDENTIFYING fizzy cyan potion
  1057 | D:2      | 1057 ||| READING 3 scrolls of identify.
  1057 | D:2      | 1057 ||| IDENTIFYING orange potion
  1058 | D:2      | 1058 ||| READING 2 scrolls of identify.
  1058 | D:2      | 1058 ||| IDENTIFYING bubbling coppery potion
  1059 | D:2      | 1059 ||| READING scroll of identify.
  1059 | D:2      | 1059 ||| IDENTIFYING viscous orange potion
  1060 | D:2      | 1060 ||| READING scroll labelled ETHOCE GOAQUOHAD.
  1161 | D:2      | 1161 ||| READING scroll labelled YNAGEC YW CULI.
  1916 | D:3      | 1916 ||| UPGRADING to +4 ring of slaying {mikee}.
  1917 | D:3      | 1917 ||| READING 2 scrolls of identify.
  1917 | D:3      | 1917 ||| IDENTIFYING smoky amethyst potion
  1918 | D:3      | 1918 ||| READING scroll of identify.
  1918 | D:3      | 1918 ||| IDENTIFYING scroll labelled QUMEIZ HAHOGET
  1919 | D:3      | 1919 ||| DROPPING scroll of revelation.
  1976 | D:4      | Noticed Menkaure
  1977 | D:4      | 1977 ||| DRINKING potion of haste.
  1985 | D:4      | Killed Menkaure
  1985 | D:4      | Reached * piety under Okawaru
  1986 | D:4      | Reached skill level 6 in Ranged Weapons
  1986 | D:4      | Reached XP level 5. HP: 15/26 MP: 6/6
  2091 | D:4      | Reached XP level 6. HP: 18/30 MP: 7/7
  2228 | D:4      | Reached skill level 1 in Invocations
  2552 | D:4      | Reached skill level 6 in Dodging
  2562 | D:4      | 2562 ||| READING scroll of identify.
  2562 | D:4      | 2562 ||| IDENTIFYING scroll labelled ELEAXI REHU
  2563 | D:4      | 2563 ||| READING scroll of enchant weapon.
  2563 | D:4      | 2563 ||| ENCHANTING +0 shortbow.
  2591 | D:5      | Entered Level 5 of the Dungeon
  2663 | D:5      | Found a runed translucent door.
  2664 | D:5      | Noticed Crazy Yiuf
  2779 | D:5      | Reached XP level 7. HP: 35/35 MP: 8/10
  2857 | D:5      | Noticed Grinder
  2858 | D:5      | 2858 ||| INVOKING Heroism.
  2863 | D:5      | Killed Grinder
  2864 | D:5      | Reached skill level 3 in Invocations
  3065 | D:5      | Reached ** piety under Okawaru
  3066 | D:5      | Reached skill level 7 in Ranged Weapons
  3176 | D:5      | Noticed Sigmund
  3177 | D:5      | 3177 ||| INVOKING Heroism.
  3182 | D:5      | Killed Sigmund
  3183 | D:5      | Reached XP level 8. HP: 39/39 MP: 9/12
  3213 | D:5      | Noticed Pikel
  3214 | D:5      | 3214 ||| RETREEEEATING.
  3215 | D:5      | 3215 ||| RETREEEEATING.
  3217 | D:5      | 3217 ||| RETREEEEATING.
  3218 | D:5      | 3218 ||| RETREEEEATING.
  3219 | D:5      | 3219 ||| RETREEEEATING.
  3220 | D:5      | 3220 ||| RETREEEEATING.
  3221 | D:5      | 3221 ||| RETREEEEATING.
  3224 | D:5      | 3224 ||| RETREEEEATING.
  3227 | D:5      | 3227 ||| RETREEEEATING.
  3233 | D:5      | 3233 ||| RETREEEEATING.
  3235 | D:5      | 3235 ||| RETREEEEATING.
  3237 | D:5      | 3237 ||| RETREEEEATING.
  3238 | D:5      | 3238 ||| RETREEEEATING.
  3239 | D:5      | 3239 ||| RETREEEEATING.
  3240 | D:5      | 3240 ||| RETREEEEATING.
  3302 | D:5      | 3302 ||| RETREEEEATING.
  3303 | D:5      | 3303 ||| INVOKING Heroism.
  3313 | D:5      | Killed Pikel
  3314 | D:5      | Reached skill level 9 in Ranged Weapons
  3432 | D:5      | 3432 ||| READING scroll labelled SOTOKERIKK.
  3459 | D:6      | Found Fit Kapny's Book Emporium.
  3484 | D:6      | Reached *** piety under Okawaru
  3485 | D:6      | Reached skill level 3 in Fighting
  3737 | D:6      | Reached XP level 9. HP: 16/44 MP: 13/13
  3739 | D:6      | HP: 11/44 [yak (6)]
  3740 | D:6      | 3740 ||| READING 2 scrolls of teleportation.
  3740 | D:6      | Slain by a yak

Levels and vault maps discovered:
D:1:      doesnt_arrival_eight_statues, layout_rooms
D:2:      wad_pebble_path, layout_loops_ring,
          hellmonk_ecumenical_altar_arch_garden, serial_shops,
          nicolae_shop_crystal, basic_altar
D:3:      layout_loops_ring
D:4:      layout_rooms, minmay_misc_feat_cross, uniq_menkaure
D:5:      layout_gridville, hangedman_abyss_or_decor_stabs, uniq_pikel,
          uniq_sigmund, uniq_crazy_yiuf_cottage, uniq_grinder
D:6:      layout_loops_ring, serial_shops, shop, lexackson_kobold_supper

Skill      XL: |  1  2  3  4  5  6  7  8 |
---------------+-------------------------+-----
Dodging        | 3 4 5 6 7 8 |  8.8
Ranged Weapons | 5 6 7 9 |  9.2
Fighting       | 2 3 |  3.3
Invocations    | 2 4 |  4.0
Stealth        | |  1.5

Action                     |  1- 3 |  4- 6 |  7- 9 || total
---------------------------+-------+-------+-------++-------
   Fire: Shortbow          |    93 |   150 |   110 ||   353
 Invoke: Heroism           |       |       |     3 ||     3
    Use: Scroll            |     2 |    10 |     2 ||    14
         Potion            |       |     1 |       ||     1
 Armour: Robe              |     6 |    13 |    11 ||    30
  Dodge: Dodged            |    20 |    52 |    22 ||    94

Table legend:
 A = Non-vault XP
 B = Vault XP
 C = Vault XP percentage of total XP
 D = Non-vault monster count
 E = Vault monster count
 F = Vault count percentage of total count
                 A         B        C        D         E       F
            +---------+---------+-------+---------+---------+-------
      Total |    1595 |    1306 |  45.0 |     105 |       4 |   3.7
            +---------+---------+-------+---------+---------+-------
        D:1 |      55 |       0 |   0.0 |      24 |       0 |   0.0
        D:2 |      57 |       0 |   0.0 |      16 |       0 |   0.0
        D:3 |      66 |       0 |   0.0 |      19 |       0 |   0.0
        D:4 |     275 |     165 |  37.5 |      25 |       1 |   3.8
        D:5 |     371 |    1141 |  75.5 |       7 |       3 |  30.0
        D:6 |     771 |       0 |   0.0 |      14 |       0 |   0.0
            +---------+---------+-------+---------+---------+-------
